 Dungeon Crawl Stone Soup version 0.16-a0-1970-g0967df0 (webtiles) character file.

536 timbw the Caller (level 7, -5/50 HPs)
             Began as a White Draconian Summoner on Nov 7, 2014.
             Was a Follower of Sif Muna.
             Shot with an arrow by a centaur (11 damage)
             ... on level 9 of the Dungeon.
             The game lasted 00:11:16 (1477 turns).

timbw the Caller (White Draconian Summoner)         Turns: 1477, Time: 00:11:17

Health: -5/50      AC:  6    Str: 10    XL:     7   Next: 4%
Magic:  6/18       EV: 12    Int: 17    God:    Sif Muna [*.....]
Gold:   234        SH:  0    Dex: 12    Spells: 5 memorised, 2 levels left

rFire  . . .     SeeInvis .     e - +1 spear
rCold  + . .     Clarity  .     (armour unavailable)
rNeg   . . .     SustAb   .     (no shield)
rPois  .         Gourm    .     (helmet restricted)
rElec  .         Spirit   .     (no cloak)
rCorr  .         Warding  .     (no gloves)
rMut   .         Stasis   .     (no boots)
MR     .....                    (no amulet)
Stlth  +.........               u - ring of loudness (curse)
                                p - ring of wizardry

@: not resistant to hostile enchantments, very unstealthy
A: breathe frost, unfitting armour, cold resistance 1, cold-blooded, AC +6
a: Breathe Frost, Channel Energy, Renounce Religion


You were on level 9 of the Dungeon.
You worshipped Sif Muna.
Sif Muna was aware of your devotion.
You were very hungry.

You visited 2 branches of the dungeon, and saw 10 of its levels.

You collected 234 gold pieces.

Inventory:

Hand weapons
 e - a +1 spear (weapon)
 n - a +1 mace of crushing
Jewellery
 p - a ring of wizardry (left hand)
 u - a cursed ring of loudness (right hand)
Magical devices
 d - a wand of paralysis (19)
 r - a wand of draining (8)
Scrolls
 j - 2 scrolls of enchant weapon
Potions
 h - 3 potions of magic
 k - a potion of confusion
 s - a potion of might
Books
 b - a book of Callings

   Spells                             Type                      Level
   *Summon Small Mammal               Summoning                    1
   *Call Imp                          Summoning                    2
   *Call Canine Familiar              Summoning                    3
   Summon Guardian Golem              Hexes/Summoning              4
   *Summon Lightning Spire            Summoning/Air                4
   *Summon Ice Beast                  Ice/Summoning                4
 q - a book of Envenomations

   Spells                             Type                      Level
   Spider Form                        Transmutation/Poison         3
   Alistair's Intoxication            Transmutation/Poison         4
   Olgreb's Toxic Radiance            Poison                       4
   Poisonous Cloud                    Conjuration/Poison/Air       6
Comestibles
 a - a beef jerky
 c - 3 bread rations
 g - 4 meat rations


   Skills:
 - Level 1.7 Dodging
 - Level 1.7 Stealth
 + Level 5.1 Spellcasting
 + Level 6.6 Summonings
 + Level 0.7 Invocations


You had 2 spell levels left.
You knew the following spells:

 Your Spells              Type           Power        Failure   Level  Hunger
a - Summon Small Mammal   Summ           ####         1%          1    None
b - Call Imp              Summ           ####....     1%          2    #......
c - Call Canine Familiar  Summ           ####....     1%          3    ###....
d - Summon Lightning Spi  Summ/Air       ###.....     16%         4    ####...
e - Summon Ice Beast      Ice/Summ       ###.....     16%         4    ####...


Dungeon Overview and Level Annotations

Branches:
Dungeon (9/15)             Temple (1/1) D:4
   Lair: D:8-11         Orc: D:9-12

Altars:
Ashenzari
Cheibriados
Dithmenos
Elyvilon
Fedhas
Gozag
Kikubaaqudgha
Makhleb
Nemelex Xobeh
Okawaru
Qazlal
Ru
Sif Muna
Trog
Vehumet
Xom
Yredelemnul
Zin
The Shining One

Annotations:
D:8 Psyche


Innate Abilities, Weirdness & Mutations

You can breathe waves of freezing cold.
You can buffet flying creatures when you breathe cold.
Your icy white scales are hard (AC +6).
Your body does not fit into most forms of armour.
Your flesh is cold resistant.
Your cold-blooded metabolism reacts poorly to cold.


Message History

The centaur hits your ice beast.
Attack whom?
Press: ? - help, Dir - move target cursor, f/p - centaur
Aim: a centaur (severely wounded)
You hit the centaur.
Your tail-slap misses the centaur.
The centaur is almost dead.
The centaur misses you.
Your ice beast hits the centaur but does no damage.
Attack whom?
Press: ? - help, Dir - move target cursor, f/p - centaur
Aim: a centaur (almost dead)
You hit the centaur.
You kill the centaur!
You have reached level 7!
Your scales start taking on an icy white colour.
You feel resistant to cold.
The centaur wields a shortbow.
The centaur shoots an arrow.
The arrow closely misses your ice beast.
The arrow hits you!
You die...

..# #... #..
##.. #..c #..#
#..# #YY# #.@#
### # #..# #.#
#.# #.(# #.##
#.# #..###..##.#
#.........#
##((......##
###.......###...
##.........#
#.....#####


You could see a centaur and 2 friendly ice beasts.

Vanquished Creatures
  A centaur (D:9)
  A crimson imp (D:7)
  A hound skeleton (D:4)
  An adder (D:4)
  An iguana zombie (D:6)
  4 bats
  2 jackals (D:7)
  A kobold (D:5)
  A giant cockroach (D:1)
  3 goblins
16 creatures vanquished.

Vanquished Creatures (collateral kills)
  The ghost of timbw the Carver, an experienced HuGl of the Shining One (D:7)
  An ice beast (D:7)
  2 ogres
  A giant frog (D:6)
  A crimson imp (D:5)
  A goliath beetle (D:8)
  An iguana (D:8)
  2 worker ants
  An adder (D:3)
  A shadow imp (D:6)
  A giant mite (D:6)
  A giant gecko (D:4)
  An orc (D:4)
  A giant cockroach (D:8)
  2 hobgoblins
  A jackal (D:7)
  3 bats
  5 goblins
  5 kobolds
  An orc skeleton (D:6)
  A rat (D:1)
34 creatures vanquished.

Vanquished Creatures (others)
  An ice beast (D:9)
  2 crimson imps (D:7)
  5 hounds
  A shadow imp (D:6)
  A rat (D:1)
10 creatures vanquished.

Grand Total: 60 creatures vanquished

Notes
Turn   | Place    | Note
--------------------------------------------------------------
     0 | D:1      | timbw, the Draconian Summoner, began the quest for the Orb.
     0 | D:1      | Reached XP level 1. HP: 14/14 MP: 3/3
    69 | D:1      | Reached XP level 2. HP: 11/20 MP: 3/5
    73 | D:1      | Learned a level 2 spell: Call Imp
   401 | D:4      | Found a staircase to the Ecumenical Temple.
   419 | Temple   | Entered the Ecumenical Temple
   457 | Temple   | Became a worshipper of Sif Muna the Loreminder
   508 | D:4      | Reached XP level 3. HP: 22/26 MP: 1/6
   513 | D:4      | Learned a level 3 spell: Call Canine Familiar
   536 | D:5      | Entered Level 5 of the Dungeon
   622 | D:5      | Found a stormy altar of Qazlal.
   627 | D:5      | Noticed a sky beast
   831 | D:5      | You fall through a shaft!
   833 | D:6      | Noticed a giant frog
   850 | D:6      | Killed a giant frog
   850 | D:6      | Reached XP level 4. HP: 19/33 MP: 1/9
   943 | D:6      | Reached skill level 5 in Summonings
  1182 | D:7      | Noticed timbw's ghost (experienced HuGl)
  1191 | D:7      | Reached XP level 5. HP: 38/38 MP: 1/12
  1197 | D:7      | Killed timbw's ghost
  1197 | D:7      | Acquired Sif Muna's first power
  1197 | D:7      | Reached skill level 6 in Summonings
  1197 | D:7      | Reached XP level 6. HP: 45/45 MP: 1/15
  1203 | D:7      | Learned a level 4 spell: Summon Lightning Spire
  1208 | D:7      | Learned a level 4 spell: Summon Ice Beast
  1250 | D:8      | Noticed Psyche
  1273 | D:7      | Noticed an ogre
  1296 | D:7      | Killed an ogre
  1414 | D:9      | Reached skill level 5 in Spellcasting
  1477 | D:9      | Your scales start taking on an icy white colour.
  1477 | D:9      | Gained mutation: Your flesh is cold resistant. [draconian maturity]
  1477 | D:9      | Reached XP level 7. HP: 6/50 MP: 6/18
  1477 | D:9      | Shot with an arrow by a centaur

Action                   |  1- 3 |  4- 6 |  7- 9 || total
-------------------------+-------+-------+-------++-------
Melee: Unarmed           |     8 |       |       ||     8
       Spear             |    48 |    24 |       ||    72
 Cast: Summon Small Mamm |     8 |     2 |       ||    10
       Call Imp          |    17 |     6 |       ||    23
       Call Canine Famil |     6 |     8 |       ||    14
       Summon Ice Beast  |       |    10 |       ||    10
       Summon Lightning  |       |     2 |       ||     2
Invok: Channel Energy    |       |    21 |       ||    21
  Use: Scroll            |       |    10 |       ||    10
       Potion            |       |     1 |       ||     1
  Eat: Beef jerky        |     1 |       |       ||     1
       Chunk             |       |     6 |       ||     6
       Pizza             |       |     1 |       ||     1
